 Dungeon Crawl Stone Soup version 0.30-a0-1104-g706747fef1 (webtiles) character file.

Game seed: 8021763036632192782

13479 Conn the Thaumaturge (level 12, -7/71 HPs)
             Began as an Octopode Fire Elementalist on Apr 19, 2023.
             Was an Elder of Sif Muna.
             Killed by the air
             ... invoked by a wind drake
              (20 damage)
             ... on level 2 of the Lair of Beasts.
             The game lasted 00:45:51 (14356 turns).

Conn the Thaumaturge (Octopode Fire Elementalist)  Turns: 14356, Time: 00:45:52

Health: -7/71      AC:  1    Str:  9      XL:     12   Next: 6%
Magic:  2/24       EV: 15    Int: 20 (21) God:    Sif Muna [****..]
Gold:   594        SH: 13    Dex: 11 (12) Spells: 2/28 levels left

rFire   . . .      SeeInvis .    v - +1 flail (protect)
rCold   . . .      Faith    .    a - +3 buckler
rNeg    . . .      Spirit   .    (helmet restricted)
rPois   .          Reflect  +    h - amulet of reflection
rElec   .          Rampage  .    t - ring of willpower
rCorr   +                        u - ring of wizardry
Will    +....                    I - ring of resist corrosion
Stlth   ++++                     (no ring)
HPRegen 0.31/turn                (no ring)
MPRegen 0.19/turn                (no ring)
                                 (no ring)
                                 (no ring)

@: about to teleport
A: almost no armour, amphibious, 8 rings, camouflage 1, gelatinous body 1,
(nimble swimmer 1), tentacles
a: Renounce Religion, Channel Magic, Forget Spell, Divine Exegesis


You were on level 2 of the Lair of Beasts.
You worshipped Sif Muna.
Sif Muna was greatly pleased with you.
You visited 3 branches of the dungeon, and saw 14 of its levels.

You collected 594 gold pieces.

Inventory:

Hand Weapons
 c - a +0 dagger
 e - a +0 dagger
 o - a +0 dagger of venom
 v - a +1 flail of protection (weapon)
Missiles
 k - 6 datura-tipped darts
 q - a throwing net
 z - 2 curare-tipped darts (quivered)
Armour
 a - a +3 buckler (worn)
Magical Staves
 w - a staff of air
Jewellery
 h - an amulet of reflection (around mantle)
 t - a ring of willpower (left tentacle)
 u - a ring of wizardry (right tentacle)
 y - an amulet of the acrobat
 C - an amulet of faith
 I - a ring of resist corrosion (on tentacle)
Wands
 D - a wand of flame (3)
 E - a wand of iceblast (4)
 F - a wand of charming (2)
Scrolls
 f - 2 scrolls of immolation
 g - 3 scrolls of teleportation
 m - 2 scrolls of magic mapping
 p - a scroll of enchant armour
 x - 3 scrolls of poison
 A - 2 scrolls of blinking
 B - 2 scrolls of amnesia
 H - a scroll of fear
Potions
 b - 3 potions of flight
 d - 2 potions of brilliance
 i - a potion of heal wounds
 j - a potion of ambrosia
 l - 2 potions of cancellation
 n - 2 potions of might
 r - 3 potions of haste
 s - 2 potions of curing
 G - 2 potions of mutation
 J - a potion of resistance


   Skills:
 + Level 2.3 Fighting
 + Level 1.6 Short Blades
 + Level 2.6 Maces & Flails
 * Level 6.8 Dodging
 + Level 6.0 Stealth
 * Level 7.2 Shields
 + Level 8.9 Spellcasting
 * Level 6.3 Conjurations
 + Level 1.5 Hexes
 * Level 2.6 Summonings
 + Level 5.1 Translocations
 + Level 7.8 Fire Magic
 + Level 0.5 Air Magic
 + Level 1.2 Poison Magic
 * Level 3.4 Invocations
 + Level 1.1 Evocations


You had 2 spell levels left.
You knew the following spells:

 Your Spells              Type           Power      Damage    Failure   Level
a - Foxfire               Conj/Fire      100%       2x1d9     1%          1
b - Blink                 Tloc           58%        N/A       1%          2
c - Inner Flame           Hex/Fire       27%        N/A       1%          3
d - Flame Wave            Conj/Fire      37%        2d10      1%          4
e - Scorch                Fire           80%        2d8       1%          2
f - Mephitic Cloud        Conj/Pois/Air  19%        N/A       4%          3
g - Summon Guardian Gole  Hex/Summ       17%        N/A       4%          3
h - Call Canine Familiar  Summ           19%        N/A       4%          3
i - Summon Forest         Summ/Tloc      12%        N/A       21%         5

Your spell library contained the following spells:

 Spells                   Type           Power      Damage    Failure   Level
 Apportation              Tloc           58%        N/A       1%          1
 Magic Dart               Conj           100%       1d8       1%          1
 Summon Small Mammal      Summ           76%        N/A       1%          1
 Call Imp                 Summ           38%        N/A       1%          2
 Lesser Beckoning         Tloc           58%        N/A       1%          2
 Momentum Strike          Conj/Tloc      62%        3d9       1%          2
 Beastly Appendage        Tmut           16%        N/A       4%          1
 Necrotise                Necr           32%        1d5       4%          1
 Sublimation of Blood     Necr           8%         N/A       6%          2
 Wereblood                Tmut           8%         N/A       6%          2
 Volatile Blastmotes      Fire/Tloc      68%        2d15      1%          3
 Dazzling Flash           Conj/Hex       48%        N/A       2%          3
 Spider Form              Tmut/Pois      11%        N/A       9%          3
 Vampiric Draining        Necr           8%         2d6       12%         3
 Cause Fear               Hex            7%         N/A       21%         4
 Irradiate                Conj/Tmut      10%        3d15      28%         5
 Petrify                  Tmut/Erth      8%         N/A       34%         4
 Summon Mana Viper        Hex/Summ       17%        N/A       38%         5
 Silence                  Hex/Air        6%         N/A       52%         5
 Alistair's Intoxication  Tmut/Pois      7%         N/A       58%         5
 Agony                    Necr           8%         N/A       69%         5
 Summon Cactus Giant      Summ           9%         N/A       86%         6
 Dragon Form              Tmut           4%         N/A       100%        7
 Chain Lightning          Conj/Air       11%        3d14      100%        9
 Dragon's Call            Summ           9%         N/A       100%        9
 Fire Storm               Conj/Fire      18%        8d5       100%        9
 Shatter                  Erth           4%         3d7*      100%        9


Dungeon Overview and Level Annotations

Branches:
Dungeon (11/15)            Temple (0/1) D:6            Lair (2/5) D:9
    Orc (1/2) D:9
  Swamp: Lair:2-3    Shoals: Lair:2-3     Snake: Lair:2-3    Spider: Lair:2-3

Altars:
Fedhas
Hepliaklqana
Nemelex Xobeh
Okawaru
Sif Muna
Trog
Uskayaw
Vehumet
Xom
Zin
The Shining One

Shops:
D:4 :   D:6 =

Annotations:
Orc:1 Urug


Innate Abilities, Weirdness & Mutations

You cannot wear most types of armour.
You are amphibious.
You can wear up to eight rings at the same time.
Your skin changes colour to match your surroundings (Stealth+).
Your rubbery body absorbs attacks. (AC +1, EV +1)
((You are camouflaged when in or above water. (Stealth+)))
You have tentacles for arms and can constrict up to eight enemies at once.


Message History

As you read the scroll of blinking, it crumbles to dust.
* * * LOW HITPOINT WARNING * * *
You feel very sick.
The forest calms down.
Okay, then.
You feel better.
Casting: Foxfire (safe; 1% risk of failure)
Confirm with . or Enter, or press ? or * to list all spells.
Okay, then.
Unknown command.
Unknown command.
Casting: Foxfire (safe; 1% risk of failure)
Confirm with . or Enter, or press ? or * to list all spells.
Okay, then.
Unknown command.
Okay, then.
Okay, then.
Unknown command.
Unknown command.
Unknown command.
Aiming: Iceblast
Press: ? - help, Shift-Dir - straight line, f - water moccasin
Aim: a water moccasin The mass of ice explodes!
The iceblast engulfs the water moccasin!
The water moccasin is heavily wounded.
The iceblast engulfs the komodo dragon!
The komodo dragon is severely wounded.
Space becomes stable.
A basilisk comes into view.
You feel much better. You block the water moccasin's attack.
As you read the scroll of teleportation, it crumbles to dust.
You feel strangely unstable. The water moccasin bites you!
* * * LOW HITPOINT WARNING * * *
You block the water moccasin's attack.
The water moccasin attacks as you move away!
You block the water moccasin's attack. The wind drake flaps its wings at you.
The air twists around and strikes you!!
You die...

#.........#
♣.........#####.........
..........#...#.........
$....♣.........l<.......
.......<................
.......l...............
.~~~~~.R..♣.##.......
..~≈≈§....####l...#
..~≈≈k.....##.#S@#
..~≈≈~§.†.k.l....#
..~~~§.............
.....................
#...#..............)..
#.. #................. #
#.............#..#
#.............####
#............


You could see a skyshark (strong), a wind drake (repels missiles), 2 basilisks
and a water moccasin.

Vanquished Creatures
  A centaur warrior (D:10)
  A two-headed ogre (D:9)
  2 black mambas
  Joseph (Lair:1)
  A gargoyle (D:10)
  A komodo dragon (D:9)
  An unseen horror (D:11)
  2 kobold demonologists (D:9)
  A troll (D:11)
  A shadow (D:9)
  A wraith (D:11)
  A wyvern (D:7)
  20 yaks
  3 basilisks (Lair:1)
  A steam dragon (D:8)
  An acid dragon (D:11)
  A water moccasin (D:7)
  Duvessa (D:7)
  6 orc warriors
  An ice beast (D:6)
  4 black bears
  2 ogres
  A centaur (D:10)
  5 phantoms
  5 kobold brigands
  6 bullfrogs
  2 scorpions
  A gnoll sergeant (D:10)
  A water moccasin zombie (D:6)
  8 wights
  A wyvern skeleton (D:6)
  A water moccasin skeleton (D:6)
  Dowan (D:7)
  9 killer bees
  A howler monkey (D:8)
  An electric eel (D:9)
  4 bullfrog zombies (D:6)
  2 centaur zombies (D:6)
  7 hounds
  Crazy Yiuf (D:7)
  7 orc priests
  A gnoll bouda (D:6)
  A centaur skeleton (D:6)
  3 jellies
  2 iguanas
  10 orc wizards
  Natasha (thrice) (D:3)
  A killer bee zombie (D:6)
  A howler monkey zombie (D:6)
  9 gnolls
  2 howler monkey skeletons (D:6)
  11 adders
  A white imp (D:5)
  5 ufetubi
  4 worms
  A dart slug (D:1)
  39 orcs
  7 ball pythons
  9 bats
  10 endoplasms
  4 giant cockroaches
  9 goblins
  11 hobgoblins
  2 jackals (D:3)
  25 kobolds
  8 quokkas
  4 frilled lizards
  5 rats
  2 butterflies (D:8)
308 creatures vanquished.

Vanquished Creatures (collateral kills)
  5 foxfires
5 creatures vanquished.

Vanquished Creatures (others)
  A troll (Orc:1)
  A wyvern (D:9)
  A water moccasin (Lair:1)
  711 foxfires
  16 fungi
  16 plants
  4 withered plants (D:6)
750 creatures vanquished.

Grand Total: 1063 creatures vanquished

Notes
Turn   | Place    | Note
-------+----------+-------------------------------------------
     0 | D:1      | Conn the Octopode Fire Elementalist began the quest for the
                  | Orb.
     0 | D:1      | Reached XP level 1. HP: 11/11 MP: 3/3
    53 | D:1      | Reached XP level 2. HP: 17/17 MP: 1/5
   343 | D:1      | Reached XP level 3. HP: 21/21 MP: 1/6
  1233 | D:2      | Reached XP level 4. HP: 20/27 MP: 1/8
  1329 | D:2      | Noticed a phantom
  1340 | D:2      | Killed a phantom
  1341 | D:2      | Reached skill level 3 in Spellcasting
  1341 | D:2      | Reached XP level 5. HP: 11/31 MP: 1/9
  1453 | D:2      | Learned a level 2 spell: Scorch
  1457 | D:2      | Learned a level 3 spell: Inner Flame
  1462 | D:2      | Learned a level 4 spell: Flame Wave
  1699 | D:2      | Reached skill level 1 in Short Blades
  2033 | D:3      | Noticed Natasha
  2041 | D:3      | Killed Natasha
  2168 | D:3      | Noticed Natasha
  2174 | D:3      | Killed Natasha
  2175 | D:3      | Reached XP level 6. HP: 23/37 MP: 1/11
  2263 | D:3      | Found a glowing golden altar of the Shining One.
  2263 | D:3      | Found a hazy altar of Hepliaklqana.
  2263 | D:3      | Found a glowing silver altar of Zin.
  2277 | D:3      | Found a hide-covered altar of Uskayaw.
  2773 | D:3      | Noticed Natasha
  2779 | D:3      | Killed Natasha
  2828 | D:3      | Found an iron altar of Okawaru.
  3447 | D:4      | Reached skill level 1 in Fighting
  3583 | D:4      | Learned a level 2 spell: Blink
  3642 | D:4      | Reached XP level 7. HP: 43/43 MP: 6/12
  3911 | D:4      | Found Wonezur's Book Emporium.
  4014 | D:4      | Reached skill level 4 in Spellcasting
  4014 | D:4      | Reached skill level 1 in Translocations
  4152 | D:4      | Found a shimmering blue altar of Sif Muna.
  4160 | D:4      | Became a worshipper of Sif Muna the Loreminder
  4296 | D:4      | Found a blossoming altar of Fedhas.
  4533 | D:5      | Entered Level 5 of the Dungeon
  4592 | D:5      | Reached skill level 1 in Shields
  4682 | D:6      | Found a staircase to the Ecumenical Temple.
  4808 | D:6      | Reached skill level 5 in Fire Magic
  4808 | D:6      | Reached XP level 8. HP: 29/48 MP: 5/14
  4812 | D:6      | Reached * piety under Sif Muna
  5143 | D:6      | Reached skill level 5 in Spellcasting
  6279 | D:6      | Reached ** piety under Sif Muna
  6280 | D:6      | Reached XP level 9. HP: 47/53 MP: 8/17
  6501 | D:6      | Found a bloodstained altar of Trog.
  6531 | D:6      | Reached skill level 6 in Spellcasting
  6547 | D:6      | Reached skill level 1 in Maces & Flails
  6848 | D:6      | Found Ymageukh's One-of-a-Kind Rings.
  7122 | D:7      | Reached *** piety under Sif Muna
  7399 | D:7      | Noticed Duvessa
  7402 | D:7      | Noticed Dowan
  7409 | D:7      | Killed Dowan
  7410 | D:7      | Killed Duvessa
  7867 | D:7      | Reached skill level 5 in Stealth
  8052 | D:7      | Found a sparkling altar of Nemelex Xobeh.
  8442 | D:7      | Found a runed translucent door.
  8443 | D:7      | Noticed Crazy Yiuf
  8449 | D:7      | Killed Crazy Yiuf
  8684 | D:8      | Reached XP level 10. HP: 50/60 MP: 13/20
  8833 | D:8      | Found a shimmering altar of Xom.
  9089 | D:8      | Reached skill level 5 in Dodging
  9089 | D:8      | Reached skill level 7 in Spellcasting
  9236 | D:8      | Reached skill level 5 in Translocations
  9556 | D:9      | Noticed a kobold demonologist
  9566 | D:9      | Reached skill level 5 in Shields
  9568 | D:9      | Noticed a kobold demonologist
  9690 | D:8      | Learned a level 3 spell: Mephitic Cloud
  9694 | D:8      | Learned a level 3 spell: Summon Guardian Golem
  9698 | D:8      | Learned a level 3 spell: Call Canine Familiar
  9701 | D:9      | Noticed a smoke demon
  9702 | D:9      | Killed a kobold demonologist
  9704 | D:9      | Killed a kobold demonologist
  9710 | D:9      | Noticed a two-headed ogre
  9950 | D:10     | Entered Level 10 of the Dungeon
  9983 | D:10     | Reached **** piety under Sif Muna
  9984 | D:10     | Found a radiant altar of Vehumet.
  9986 | D:10     | Identified the +2 chain mail "Oserenicw" {+Inv rC+ Regen+}
 10430 | D:9      | Found a staircase to the Orcish Mines.
 10491 | D:9      | Killed a two-headed ogre
 10492 | D:9      | Reached skill level 1 in Hexes
 10557 | D:9      | Found a staircase to the Lair.
 11006 | D:10     | Reached skill level 8 in Spellcasting
 11007 | D:10     | Reached skill level 5 in Conjurations
 11008 | D:10     | Reached XP level 11. HP: 35/64 MP: 10/23
 11073 | D:10     | Noticed a centaur warrior
 11092 | D:10     | Killed a centaur warrior
 11093 | D:10     | Reached skill level 1 in Invocations
 11093 | D:10     | Reached skill level 1 in Evocations
 12870 | D:11     | Learned a level 5 spell: Summon Forest
 13111 | Orc:1    | Entered Level 1 of the Orcish Mines
 13128 | Orc:1    | Noticed Urug
 13327 | Lair:1   | Entered Level 1 of the Lair of Beasts
 13338 | Lair:1   | Reached skill level 1 in Summonings
 13342 | Lair:1   | Noticed Joseph
 13353 | Lair:1   | Reached skill level 1 in Poison Magic
 13370 | Lair:1   | Killed Joseph
 13792 | Lair:1   | Reached XP level 12. HP: 71/71 MP: 9/24
 14336 | Lair:2   | Noticed a skyshark
 14351 | Lair:2   | HP: 2/71 [poisoned by a black mamba]
 14356 | Lair:2   | Killed from afar by a wind drake

Illustrated notes

Levels and vault maps discovered:
D:1:      dpeg_arrival_oval, layout_basic
D:2:      layout_basic, minmay_nonomino_d4
D:3:      layout_basic, hellmonk_okawaru_the_only_friend_you_need,
          grunt_temple_overflow_cloverleaf, serial_co_window_serial,
          co_window_paths_a, co_window_paths_a, co_window_of_opportunity_a,
          co_window_corner_a, co_window_paths_a, co_window_corner_a,
          co_window_corner_a, co_window_broadway_a, co_window_unsneaky_path_c,
          co_window_corner_ca, co_window_corner_b, co_window_4corner_b,
          glass_columns_c, glass_columns_b, glass_columns_a, glass_columns_a,
          chequers_serial_rivers_small_b, uniq_natasha
D:4:      nicolae_cairo_tiling, layout_basic, nicolae_sif_muna_condensation,
          lemuel_tele_altar, serial_shops, shop
D:5:      layout_basic, moated_statue, minivault_27
D:6:      layout_rooms, trog_three_pillars_becter, minmay_temple_entry_tees,
          serial_undead, serial_undead_d, serial_undead_b, serial_undead_d,
          serial_undead_c, serial_undead_a, serial_undead_c, serial_undead_c,
          serial_undead_d, serial_undead_b, serial_undead_b,
          nicolae_shop_unique_rings
D:7:      layout_layer_cave, mainiacjoe_overflow_chevrons, patterned_corridor,
          uniq_crazy_yiuf_cottage, uniq_duvessa
D:8:      layout_loops_ring, xom_butterflies, serial_park_tiny_pond,
          palyth_stone_intersect, minmay_misc_feat_tiny
D:9:      layout_basic, grunt_lair_entry_orc_guard_hut
D:10:     layout_cave_pools, nicolae_vehumet_radiance
D:11:     layout_stronghold
Lair:1:   layout_gridlike, uniq_joseph
Lair:2:   minmay_lair_oklob_chamber, layout_small_grid,
          minmay_shoals_entry_beasts, nicolae_spider_entry_lesser_pyramids,
          uniq_gastronok
Orc:1:    layout_caves, uniq_jorgrun, uniq_fannar, uniq_urug

Skill      XL: |  1  2  3  4  5  6  7  8  9 10 11 |
---------------+----------------------------------+-----
Stealth        | 3 4 5 6 |  6.0
Spellcasting   | 3 4 5 6 8 |  8.9
Conjurations   | 2 3 5 6 |  6.3
Short Blades   | 1 |  1.6
Fire Magic     | 4 5 6 7 |  7.8
Fighting       | 1 2 |  2.3
Translocations | 1 3 4 5 |  5.1
Shields        | 1 3 4 5 7 |  7.2
Dodging        | 3 4 5 6 |  6.8
Maces & Flails | 2 |  2.6
Hexes          | 1 |  1.5
Invocations    | 3 |  3.4
Evocations     | 1 |  1.1
Summonings     | 2 |  2.6
Poison Magic   | 1 |  1.2
Air Magic      | |  0.5

Action                     |  1- 3 |  4- 6 |  7- 9 | 10-12 || total
---------------------------+-------+-------+-------+-------++-------
  Melee: Unarmed           |     9 |       |       |       ||     9
         Tentacles         |     6 |    10 |    27 |     9 ||    52
         Constrict         |     8 |     8 |    28 |     5 ||    49
         Dagger            |    26 |    43 |    19 |       ||    88
         Flail             |       |       |    94 |    36 ||   130
         Punch             |       |       |       |     1 ||     1
   Cast: Foxfire           |    50 |    46 |   160 |   155 ||   411
         Scorch            |       |    11 |    16 |    52 ||    79
         Inner Flame       |       |     4 |     4 |    18 ||    26
         Blink             |       |     1 |       |     1 ||     2
         Flame Wave        |       |       |    15 |    31 ||    46
         Mephitic Cloud    |       |       |       |    13 ||    13
         Summon Guardian G |       |       |       |     2 ||     2
         Call Canine Famil |       |       |       |     1 ||     1
         Summon Forest     |       |       |       |     1 ||     1
 Invoke: Channel Magic     |       |       |       |     2 ||     2
  Evoke: Wand              |       |       |       |    11 ||    11
    Use: Scroll            |       |     4 |    10 |     7 ||    21
         Potion            |       |     3 |     3 |     6 ||    12
   Stab: Sleeping          |     5 |     6 |     8 |     3 ||    22
 Armour: Skin              |       |     3 |    33 |    11 ||    47
  Dodge: Dodged            |    31 |    41 |   114 |    58 ||   244
  Block: Other             |       |    11 |    14 |       ||    25
         Buckler           |       |       |    92 |    92 ||   184
         Reflection        |       |       |     4 |     4 ||     8

Table legend: (Time is in decaauts)
 A = Elapsed time spent in this place.
 B = Non-inter-level travel time spent in this place.
 C = Inter-level travel time spent in this place.
 D = Time resting spent in this place.
 E = Time spent auto-exploring this place.
 F = Levels seen in this place.
 G = Mean time per level.
                   A        B        C        D        E       F      G
               +--------+--------+--------+--------+--------+-----+--------+
         Total |  14397 |  14041 |    356 |    494 |  10297 |  14 | 1028.4 |
       Dungeon |  13339 |  13001 |    338 |    494 |   9513 |  11 | 1212.6 |
          Lair |   1031 |   1014 |     17 |      0 |    784 |   2 |  515.5 |
  Orcish Mines |     27 |     27 |      0 |      0 |      0 |   1 |   27.0 |
               +--------+--------+--------+--------+--------+-----+--------+

Top non-repeatable levels by time:
     D:7: 1787 daAuts
     D:3: 1365 daAuts
     D:6: 1340 daAuts
    D:11: 1264 daAuts
     D:4: 1245 daAuts
     D:8: 1194 daAuts
     D:9: 1147 daAuts
    D:10: 1057 daAuts
     D:5: 1020 daAuts
  Lair:1: 1011 daAuts
     D:1: 1007 daAuts
     D:2: 908 daAuts
   Orc:1: 27 daAuts
  Lair:2: 20 daAuts
